 Dungeon Crawl Stone Soup version 0.30-a0-475-g03497ec522 (webtiles) character file.

Game seed: 17371290210929996017

9024 Sweetruy1997 the Reanimator (level 11, -17/82 HPs)
             Began as a Ghoul Necromancer on Dec 20, 2022.
             Was an Initiate of Yredelemnul.
             Killed from afar by Lodul (19 damage)
             ... with a bolt of lightning
             ... on level 10 of the Dungeon on Dec 21, 2022.
             The game lasted 00:46:58 (10516 turns).

Sweetruy1997 the Reanimator (Ghoul Necromancer)    Turns: 10516, Time: 00:46:59

Health: -17/82     AC: 11    Str: 13    XL:     11   Next: 40%
Magic:  20/20      EV: 14    Int: 12    God:    Yredelemnul [......]
Gold:   513        SH:  0    Dex: 19    Spells: 1/24 levels left

rFire   . . .      SeeInvis .    u - +8 trident of Dischymem {elec, *Slow rN++}
rCold   + . .      Faith    .    (no shield)
rNeg    + + +      Spirit   .    i - +0 leather armour
rPois   ∞          Reflect  .    (no helmet)
rElec   .          Harm     .    k - scarf {shadows}
rCorr   .          Rampage  .    F - +1 pair of gloves
Will    +....                    w - +1 pair of boots of the Gardener {Dex+8}
Stlth   +++.......               l - amulet of magic regeneration
HPRegen 0.00/turn                c - +4 ring of protection
MPRegen 0.57/turn                j - ring of willpower

@: inhibited regen
A: claws 1, cold resistance 1, negative energy resistance 3, inhibited
regeneration, torment resistance 2, devour on kill
a: Renounce Religion, Recall Undead Harvest


You were on level 10 of the Dungeon.
You worshipped Yredelemnul.
Yredelemnul was noncommittal.
You visited 2 branches of the dungeon, and saw 11 of its levels.
You also visited: Sewer and Bailey.

You collected 1404 gold pieces.
You spent 891 gold pieces at shops.

Inventory:

Hand Weapons
 u - the +8 trident of Dischymem (weapon) {elec, *Slow rN++}
   (You found it on level 4 of the Dungeon)

   It occasionally discharges a powerful burst of electricity upon striking a
   foe.
   rN:        It greatly protects you from negative energy.
   *Slow:     It may slow you when you take damage.
Armour
 i - a +0 leather armour (worn)
 k - a scarf of shadows (worn)
 w - the +1 pair of boots of the Gardener (worn) {Dex+8}
   (You bought it in a shop on level 3 of the Dungeon)

   Dex:       It affects your dexterity (+8).
 F - a +1 pair of gloves (worn)
 I - a +2 pair of boots of flying
Jewellery
 c - a +4 ring of protection (left hand)
 d - a +4 ring of protection
 j - a ring of willpower (right hand)
 l - an amulet of magic regeneration (around neck)
 t - the ring "Malyagof" {rF++ rN+ rCorr Slay-5 SInv}
   (You found it on level 9 of the Dungeon)

   [ring of positive energy]

   Slay:      It affects your accuracy & damage with ranged weapons and melee
   (-5).
   rF:        It greatly protects you from fire.
   rN:        It protects you from negative energy.
   SInv:      It lets you see invisible.
   rCorr:     It protects you from acid and corrosion.
Wands
 h - a wand of charming (6)
 v - a wand of roots (13)
 y - a wand of flame (26)
Scrolls
 g - 3 scrolls of teleportation
 r - a scroll of poison
 s - 2 scrolls of fog
 A - a scroll of magic mapping
 B - a scroll of enchant armour {unknown}
 D - a scroll of blinking {unknown}
 G - a scroll of butterflies {unknown}
 H - a scroll of torment {unknown}
Potions
 a - 2 potions of heal wounds
 b - a potion of magic
 e - 4 potions of curing
 f - 9 potions of haste
 m - 3 potions of lignification {unknown}
 n - 2 potions of mutation {unknown}
 o - 7 potions of flight
 p - a potion of resistance {unknown}
 q - 5 potions of brilliance
 x - 3 potions of might {unknown}
 z - 2 potions of invisibility
 C - a potion of degeneration {unknown}
 J - a potion of cancellation


   Skills:
 - Level 3.0 Fighting
 - Level 1.2 Short Blades
 + Level 7.5 Polearms
 - Level 1.0 Armour
 + Level 4.9 Dodging
 + Level 4.9 Stealth
 - Level 7.0 Spellcasting
 - Level 2.0 Conjurations
 + Level 11.0 Necromancy
 + Level 1.6 Translocations
 + Level 0.9 Air Magic
 + Level 1.1 Poison Magic
 + Level 0.2 Invocations
 + Level 0.2 Evocations


You had one spell level left.
You knew the following spells:

 Your Spells              Type           Power      Damage    Failure   Level
a - Necrotise             Necr           100%       1d9       1%          1
b - Momentum Strike       Conj/Tloc      16%        3d8       14%         2
c - Blink                 Tloc           16%        N/A       16%         2
d - Vampiric Draining     Necr           30%        2d8       1%          3
e - Animate Dead          Necr           30%        N/A       2%          4
f - Shock                 Conj/Air       28%        1d4       12%         1
g - Agony                 Necr           30%        N/A       6%          5
h - Poisonous Vapours     Pois/Air       12%        N/A       21%         2
i - Gell's Gravitas       Tloc           8%         N/A       30%         3

Your spell library contained the following spells:

 Spells                   Type           Power      Damage    Failure   Level
 Sting                    Tmut/Pois      20%        1d4       17%         1
 Lesser Beckoning         Tloc           16%        N/A       30%         3
 Teleport Other           Tloc           8%         N/A       30%         3
 Swiftness                Air            6%         N/A       38%         3
 Inner Flame              Hex/Fire       4%         N/A       52%         3
 Olgreb's Toxic Radiance  Pois           6%         N/A       78%         4
 Airstrike                Air            3%         2d(1-17)  80%         4
 Flame Wave               Conj/Fire      6%         2d5       80%         4
 Sticky Flame             Conj/Fire      6%         2d3       80%         4
 Dispersal                Tloc           4%         N/A       100%        6
 Ozocubu's Refrigeration  Ice            2%         4d7       100%        7
 Ignition                 Fire           2%         3d3       100%        8


Dungeon Overview and Level Annotations

Branches:
Dungeon (10/15)            Temple (1/1) D:7            Lair (0/5) D:9
  Sewer (visited)          Bailey (visited)
    Orc: D:9-12

Altars:
Ashenzari
Dithmenos
Fedhas
Gozag
Hepliaklqana
Kikubaaqudgha
Makhleb
Nemelex Xobeh
Okawaru
Qazlal
Ru
Sif Muna
Trog
Uskayaw
Vehumet
Wu Jian
Xom
Yredelemnul

Shops:
D:1 :!   D:3 [   D:4 :

Annotations:
D:10 Lodul


Innate Abilities, Weirdness & Mutations

You are immune to poison.
You have sharp fingernails.
Your flesh is cold resistant. (rC+)
You are immune to negative energy. (rN+++)
You do not regenerate when monsters are visible.
You are immune to unholy pain and torment.
You thrive by killing the living.


Message History

The ogre is almost dead.
Your ogre zombie hits the ogre!
The ogre completely misses you.
You hit the ogre.
You kill the ogre!
You feel better. The ogre completely misses you.
Lodul hits your ogre zombie with a +0 dire flail!!
Your Necromancy skill increases to level 11!
You puncture the ogre!
The ogre is almost dead.
Your ogre zombie hits Lodul.
The orc priest casts a cantrip, but nothing happens.
The ogre barely misses you.
You puncture the ogre! Lightning courses through the ogre!
You kill the ogre!
Your ogre zombie hits the orc priest!
The orc priest casts a cantrip, but nothing happens.
You swap places.
Lodul hits your ogre zombie with a +0 dire flail!!!
Your ogre zombie is destroyed!
Your ogre zombie barely misses Lodul.
The orc priest calls down the wrath of Beogh upon you.
Beogh smites you!
* * * LOW HITPOINT WARNING * * *
Something hits your ogre zombie.
You can no longer trade souls for undead servants.
Items here: )))) [.
Unknown command.
The orc priest attacks as you move away!
The orc priest barely misses you. Something hits your ogre zombie.
Lodul hits your yak zombie with a +0 dire flail!!!
Your yak zombie gores Lodul.
Something hits your yak zombie!!
Your yak zombie is destroyed!
The orc priest attacks as you move away!
The orc priest barely misses you.
The orc priest begins to cast a cantrip, but forgets the words!
Electricity crackles from Lodul's apparatus.
The bolt of lightning hits you!!
You die...
Yredelemnul claims you as an undead slave.

.#### #.# #. #.#
#####.##### #.........#
# #.###.###.# .# ##Z#
#.# #.# #.##..###.#
#..#
#.........#######.<.##
+>........@.oO.OO).....
####...#########O#...##
##... #)# ..# ##.# #Z.#
.# #.# #.#.. # #.#
#...... ### ####


You could see Lodul, 3 ogres and an orc priest.

Vanquished Creatures
  Harold (D:9)
  Pikel (D:6)
  A deep elf zephyrmancer (D:7)
  An orc knight (Bailey)
  Joseph (D:7)
  A gargoyle (D:8)
  A hornet (D:7)
  Sigmund (D:2)
  A shadow (D:9)
  2 wraiths
  12 yaks
  A vampire mosquito (D:8)
  A water moccasin (D:8)
  A sky beast (D:8)
  An ice beast (D:8)
  5 orc warriors
  5 ogres
  3 centaurs (D:9)
  A lemure (D:6)
  A phantom (D:4)
  8 bullfrogs
  8 kobold brigands
  2 necrophages (D:5)
  7 wights (D:8)
  3 jellies
  2 centaur zombies (D:9)
  2 hounds
  2 orc priests
  Jessica (D:2)
  Natasha (twice) (D:4)
  4 orc wizards
  2 iguanas
  6 adders
  2 gnolls (Bailey)
  2 shadow imps
  A white imp (D:8)
  An ufetubus (D:5)
  A worm (D:2)
  A dart slug (D:3)
  11 orcs
  6 endoplasms
  3 giant cockroaches
  10 goblins
  6 hobgoblins
  13 jackals
  36 kobolds
  7 quokkas
  5 ball pythons
  6 bats
  5 frilled lizards
  6 rats
213 creatures vanquished.

Vanquished Creatures (collateral kills)
  A sky beast (D:8)
  An orc warrior (D:8)
  A worm (D:3)
  An orc (D:3)
  2 endoplasms
  2 ball pythons (D:2)
  A bat (D:3)
  2 kobolds
11 creatures vanquished.

Vanquished Creatures (others)
  2 yak zombies (D:10)
  3 bullfrog zombies
  An ogre zombie (D:10)
  10 orc zombies
  A gnoll zombie (Bailey)
  A kobold (D:6)
  A goblin zombie (Bailey)
  A hobgoblin zombie (Bailey)
  11 kobold zombies
  3 plants (Sewer)
34 creatures vanquished.

Grand Total: 258 creatures vanquished

Notes
Turn   | Place    | Note
-------+----------+-------------------------------------------
     0 | D:1      | Sweetruy1997 the Ghoul Necromancer began the quest for the
                  | Orb.
     0 | D:1      | Reached XP level 1. HP: 14/14 MP: 2/2
    67 | D:1      | Found Fugeu's Distillery.
   129 | D:1      | Found Cycsoynn's Vocational Training.
   247 | D:1      | Reached XP level 2. HP: 20/20 MP: 0/3
   355 | D:1      | Learned a level 2 spell: Momentum Strike
  1170 | D:2      | Learned a level 2 spell: Blink
  1270 | D:2      | Reached XP level 3. HP: 27/27 MP: 0/5
  1395 | D:2      | Noticed Sigmund
  1405 | D:2      | Killed Sigmund
  1406 | D:2      | Reached skill level 1 in Fighting
  1406 | D:2      | Reached skill level 5 in Necromancy
  1406 | D:2      | Reached XP level 4. HP: 20/35 MP: 2/7
  1406 | D:2      | Reached XP level 5. HP: 22/40 MP: 2/8
  1482 | D:2      | Learned a level 3 spell: Vampiric Draining
  1495 | D:2      | Noticed Jessica
  1502 | D:2      | Killed Jessica
  1538 | D:2      | Reached XP level 6. HP: 47/47 MP: 7/10
  1678 | D:2      | Learned a level 4 spell: Animate Dead
  1833 | D:3      | Found Qygucud's Antique Armour Shoppe.
  2192 | D:3      | Reached skill level 1 in Short Blades
  2688 | D:1      | Bought a potion of brilliance for 56 gold pieces
  2688 | D:1      | Bought a potion of curing for 42 gold pieces
  2930 | D:4      | Found Hisur's Tremendous Tomes.
  2961 | D:4      | Identified the +8 trident of Dischymem {elec, *Slow rN++}
  3026 | D:4      | Reached XP level 7. HP: 51/53 MP: 12/12
  3290 | D:4      | Noticed Natasha
  3297 | D:4      | Killed Natasha
  3315 | D:4      | Noticed Natasha
  3318 | D:4      | Killed Natasha
  3548 | D:5      | Entered Level 5 of the Dungeon
  3642 | D:5      | Learned a level 1 spell: Shock
  4345 | D:6      | Reached skill level 1 in Translocations
  4418 | D:6      | Found a glowing drain.
  4426 | Sewer    | Entered a sewer
  4467 | Sewer    | Reached skill level 1 in Polearms
  4467 | Sewer    | Reached skill level 5 in Spellcasting
  4574 | Sewer    | Reached skill level 1 in Armour
  4574 | Sewer    | Reached XP level 8. HP: 61/62 MP: 5/14
  4657 | Sewer    | Reached skill level 6 in Necromancy
  5171 | D:6      | Reached skill level 1 in Conjurations
  5311 | D:6      | Found a radiant altar of Vehumet.
  5312 | D:6      | Noticed Pikel
  5326 | D:6      | Killed Pikel
  5327 | D:6      | Reached XP level 9. HP: 62/68 MP: 2/17
  5401 | D:7      | Reached skill level 7 in Necromancy
  5427 | D:7      | Learned a level 5 spell: Agony
  5430 | D:7      | Learned a level 2 spell: Poisonous Vapours
  5433 | D:7      | Found a broken altar of Ashenzari.
  5577 | D:7      | Found a stormy altar of Qazlal.
  5578 | D:7      | Found a shimmering blue altar of Sif Muna.
  5581 | D:7      | Found a hide-covered altar of Uskayaw.
  5589 | D:7      | Found a shimmering altar of Xom.
  5589 | D:7      | Found an ornate altar of the Wu Jian Council.
  5589 | D:7      | Found a burning altar of Makhleb.
  5592 | D:7      | Found an iron altar of Okawaru.
  5593 | D:7      | Found a bloodstained altar of Trog.
  5914 | D:7      | Noticed a hornet
  5925 | D:7      | Killed a hornet
  5984 | D:7      | Found a basalt altar of Yredelemnul.
  6044 | D:7      | Became a worshipper of Yredelemnul the Dark
  6131 | D:7      | Noticed Joseph
  6146 | D:7      | Killed Joseph
  6267 | D:7      | Found a staircase to the Ecumenical Temple.
  6276 | Temple   | Entered the Ecumenical Temple
  6744 | D:7      | Noticed a deep elf zephyrmancer
  6749 | D:7      | Killed a deep elf zephyrmancer
  6750 | D:7      | Reached skill level 8 in Necromancy
  7002 | D:8      | Reached skill level 9 in Necromancy
  7002 | D:8      | Reached XP level 10. HP: 72/77 MP: 19/19
  7027 | D:8      | Reached * piety under Yredelemnul
  7039 | D:8      | Reached ** piety under Yredelemnul
  7329 | D:8      | Noticed a gargoyle
  7349 | D:8      | Killed a gargoyle
  7655 | D:8      | Reached skill level 5 in Polearms
  7753 | D:8      | Reached skill level 10 in Necromancy
  7819 | D:8      | Found an opulent altar of Gozag.
  8255 | D:3      | Bought a pair of twisted boots for 247 gold pieces
  8255 | D:3      | Identified the +1 pair of boots of the Gardener {Dex+8}
                  | (You bought it in a shop on level 3 of the Dungeon)
  8413 | D:9      | Found a staircase to the Lair.
  8416 | D:9      | Identified the ring "Malyagof" {rF++ rN+ rCorr Slay-5 SInv}
  8433 | D:9      | Noticed Harold
  8452 | D:9      | Killed Harold
  8568 | D:9      | Found a flagged portal.
  8582 | Bailey   | Entered a bailey
  8740 | Bailey   | Reached XP level 11. HP: 30/82 MP: 20/20
  8784 | Bailey   | Noticed an orc knight
  8802 | Bailey   | Killed an orc knight
  8809 | Bailey   | Learned a level 3 spell: Gell's Gravitas
  9034 | Bailey   | Identified the +0 scale mail "Myiw" {+Blink Str-3 Dex-5
                  | SInv}
  9328 | D:1      | Bought a potion of attraction for 42 gold pieces
  9328 | D:1      | Bought a potion of haste for 140 gold pieces
  9328 | D:1      | Bought a potion of invisibility for 112 gold pieces
  9328 | D:1      | Bought a potion of cancellation for 112 gold pieces
  9328 | D:1      | Bought 2 potions of berserk rage for 140 gold pieces
  9774 | D:9      | Found a hazy altar of Hepliaklqana.
 10178 | D:9      | Reached skill level 1 in Poison Magic
 10298 | D:10     | Entered Level 10 of the Dungeon
 10487 | D:10     | Noticed Lodul
 10498 | D:10     | Reached *** piety under Yredelemnul
 10508 | D:10     | Reached skill level 11 in Necromancy
 10510 | D:10     | HP: 2/82 [orc priest/divine providence (13)]
 10516 | D:10     | Killed from afar by Lodul

Illustrated notes

Levels and vault maps discovered:
D:1:      onia_arrival_pentagram, layout_basic, serial_shops,
          nicolae_shop_hallway_plus, grunt_decor_mini_mirrors, chequers_jeans,
          nicolae_shop_vocational
D:2:      layout_rooms, uniq_jessica, uniq_sigmund
D:3:      layout_basic, serial_shops, shop, bh_walls_and_bars
D:4:      layout_loops_cross, nicolae_shop_i_like_big_books, uniq_natasha
D:5:      layout_basic
D:6:      layout_basic, vehumet_altar_wand_db, portal_sewer_entry_d, uniq_pikel
D:7:      layout_loops_corners, yredelemnul_altar_generic, minitemple,
          nicolae_ashenzari_skybound, minmay_temple_entry_trees,
          dk_noncrumbling_4, guppyfry_early_elven_hall, uniq_joseph
D:8:      minmay_distorted_concentric_squares, layout_cave_pools,
          mainiacjoe_overflow_paths, elyvilon_altar_3,
          nicolae_figureground_pulse
D:9:      layout_gridville, nicolae_hepliaklqana_hippocampus, lair_entry_dummy,
          enter_bailey_5, uniq_harold
D:10:     layout_loops_corners, lemuel_tele_altar, serial_shops, shop,
          ebering_ghost_funeral_grove, kennysheep_generic_room_9, uniq_lodul,
          uniq_amaemon
Temple:   nicolae_temple_bog_church

Skill      XL: |  1  2  3  4  5  6  7  8  9 10 11 |
---------------+----------------------------------+-----
Spellcasting   | 2 3 4 5 6 7 |  7.0
Fighting       | 1 2 3 |  3.0
Dodging        | 2 3 4 |  4.9
Necromancy     | 5 6 9 10 11 | 11.0
Short Blades   | 1 |  1.2
Translocations | 1 |  1.6
Polearms       | 1 2 3 6 7 |  7.5
Armour         | 1 |  1.0
Stealth        | 3 4 |  4.9
Conjurations   | 1 2 |  2.0
Poison Magic   | 1 |  1.1
Air Magic      | |  0.9
Invocations    | |  0.2
Evocations     | |  0.2

Action                   |  1- 3 |  4- 6 |  7- 9 | 10-12 || total
-------------------------+-------+-------+-------+-------++-------
Melee: Unarmed           |    17 |       |       |       ||    17
       Dagger            |    27 |       |       |       ||    27
       Short sword       |     2 |    37 |       |       ||    39
       Trident           |       |     3 |   139 |   225 ||   367
       Punch             |       |     1 |     2 |     2 ||     5
 Cast: Necrotise         |    43 |    58 |    68 |    62 ||   231
       Momentum Strike   |     3 |     3 |     9 |     8 ||    23
       Blink             |     1 |     1 |     1 |     1 ||     4
       Vampiric Draining |       |     2 |    22 |    12 ||    36
       Animate Dead      |       |     2 |     3 |       ||     5
       Shock             |       |       |     3 |     6 ||     9
       Poisonous Vapours |       |       |       |     5 ||     5
       Gell's Gravitas   |       |       |       |     1 ||     1
Invok: Dark Bargain      |       |       |       |     1 ||     1
Evoke: Wand              |       |       |       |     2 ||     2
  Use: Scroll            |     2 |     1 |     5 |     7 ||    15
       Potion            |       |       |     1 |     1 ||     2
 Stab: Sleeping          |       |       |     3 |     1 ||     4
       Distracted        |       |       |     2 |     2 ||     4
Armor: Robe              |    15 |    11 |       |       ||    26
       Leather armour    |       |       |    83 |   109 ||   192
Dodge: Dodged            |    24 |    30 |   110 |   207 ||   371

Table legend: (Time is in decaauts)
 A = Elapsed time spent in this place.
 B = Non-inter-level travel time spent in this place.
 C = Inter-level travel time spent in this place.
 D = Time resting spent in this place.
 E = Time spent auto-exploring this place.
 F = Levels seen in this place.
 G = Mean time per level.
                   A        B        C        D        E       F      G
               +--------+--------+--------+--------+--------+-----+--------+
         Total |  10652 |   9337 |   1315 |     88 |   7265 |  13 |  819.4 |
       Dungeon |   9501 |   8238 |   1263 |     83 |   6512 |  10 |  950.1 |
        Temple |    276 |    224 |     52 |      0 |    214 |   1 |  276.0 |
         Sewer |    405 |    405 |      0 |      0 |    213 |   1 |  405.0 |
        Bailey |    469 |    469 |      0 |      5 |    324 |   1 |  469.0 |
               +--------+--------+--------+--------+--------+-----+--------+

Top non-repeatable levels by time:
     D:7: 1463 daAuts
     D:3: 1313 daAuts
     D:1: 1254 daAuts
     D:8: 1245 daAuts
     D:9: 954 daAuts
     D:5: 904 daAuts
     D:6: 830 daAuts
     D:4: 727 daAuts
     D:2: 594 daAuts
  Bailey: 469 daAuts
   Sewer: 405 daAuts
  Temple: 276 daAuts
    D:10: 215 daAuts
